Map: Lost and Found LE

Players

liquidthermy (uThermal) - Winner!

  • Race: Terran Terran
  • Spawn Location: 7:00

MarineLorD

  • Race: Terran Terran
  • League: Master
  • Spawn Location: 1:00

Event: HomeStory Cup XVIII

VOD

Have the link to the VOD?

Description

Time

  • Played on: Nov. 22, 2018, 7 a.m.
  • Length: 13:42

All games in this series

Show
View Real Time Build Order
Export as new Build Order

liquidthermy Terran - Winner!

Build Orders: Gas First Reaper Expand, Reaper Expand, Hellion Banshee, Mech 

Get SALT Encoding   

  12  0:01  SCV  
  13  0:13  SCV  
  14  0:17  Supply Depot  
  14  0:25  SCV  
  15  0:30  Refinery  
  15  0:39  SCV  
  16  0:44  Barracks  
  16  0:51  SCV  
  17  1:03  SCV  
  18  1:15  SCV  
  19  1:31  Reaper, Orbital Command  
  20  1:44  Command Center  
  20  1:56  Factory  
  20  1:57  SCV  
  21  2:06  Barracks Reactor  
  21  2:10  SCV  
  21  2:12  Supply Depot  
  22  2:22  SCV  
  23  2:23  Refinery  
  23  2:34  SCV  
  24  2:44  Starport  
  24  2:46  Hellion x2, SCV  
  29  2:56  Orbital Command  
  29  2:58  SCV  
  30  3:00  Barracks Tech Lab  
  30  3:07  Hellion  
  32  3:18  SCV  
  32  3:23  Hellion, SCV  
  35  3:28  Cloaking Field  
  35  3:30  SCV  
  35  3:31  Banshee  
  39  3:38  Hellion  
  41  3:43  Supply Depot  
  41  3:45  Hellion  
  41  3:46  SCV  
  45  3:48  SCV  
  45  3:54  Supply Depot  
  45  4:00  SCV  
  46  4:04  Hellion, SCV  
  46  4:06  Hellion  
  50  4:13  SCV  
  50  4:14  Banshee  
  50  4:16  SCV  
  55  4:22  Supply Depot  
  55  4:26  SCV  
  55  4:28  Hellion, SCV  
  55  4:29  Hellion  
  61  4:33  Supply Depot  
  61  4:38  SCV  
  62  4:44  SCV  
  63  4:53  SCV  
  55  5:03  Command Center  
  55  5:05  SCV x2  
  51  5:10  Refinery  
  51  5:11  Viking x2, Siege Tank, Refinery  
  51  5:14  Factory, Barracks Reactor  
  58  5:17  SCV x2  
  60  5:29  SCV x2  
  60  5:30  Supply Depot  
  62  5:41  Viking x2, SCV x2  
  65  5:50  Siege Tank  
  65  5:53  SCV  
  65  5:54  SCV  
  62  6:05  SCV  
  62  6:06  Factory, SCV  
  62  6:09  Barracks Tech Lab  
  62  6:10  Engineering Bay  
  64  6:11  Hellion  
  64  6:12  Hellion  
  64  6:16  Viking  
  64  6:17  SCV  
  64  6:18  SCV  
  72  6:19  Refinery  
  72  6:22  Refinery, Siege Tank  
  75  6:26  Viking  
  75  6:29  SCV  
  75  6:30  SCV  
  79  6:36  Hellion  
  79  6:37  Hellion  
  83  6:42  Liberator, SCV x2  
  85  6:48  Viking  
  85  6:54  SCV x2  
  88  6:57  Siege Tank  
  88  7:06  SCV x2  
  88  7:08  Supply Depot x2, Hellion x2, Siege Tank  
  97  7:09  Liberator  
  96  7:18  SCV  
  96  7:19  Supply Depot  
  96  7:21  Missile Turret  
  96  7:22  SCV  
  98  7:23  Missile Turret x2  
  98  7:24  Missile Turret  
  100  7:31  SCV  
  100  7:35  Siege Tank  
  102  7:48  SCV  
  103  7:52  Hellion, Siege Tank  
  103  7:54  Hellion  
  108  8:01  SCV  
  101  8:07  Siege Tank  
  101  8:08  SCV  
  105  8:13  Hellion  
  105  8:16  Sensor Tower  
  105  8:19  Viking x2, Refinery  
  113  8:20  Hellion, SCV  
  113  8:23  SCV  
  113  8:26  Orbital Command  
  115  8:27  Missile Turret  
  115  8:33  SCV  
  116  8:35  Supply Depot, SCV  
  116  8:41  Refinery  
  115  8:42  Hellion x2  
  115  8:43  Siege Tank  
  115  8:48  Supply Depot, Siege Tank  
  125  8:56  Viking x2  
  125  8:58  Supply Depot  
  129  9:04  Hellion x2  
  133  9:10  Factory  
  133  9:12  Supply Depot, Factory  
  133  9:16  Infernal Pre-Igniter  
  133  9:17  Hellion  
  133  9:21  Supply Depot, Hellion  
  137  9:26  Viking x2  
  137  9:30  Hellion x2  
  143  9:34  Armory  
  143  9:42  Hellion  
  143  9:43  Command Center  
  145  9:48  Siege Tank  
  145  9:49  Mag-Field Accelerator  
  148  9:53  Supply Depot  
  148  9:54  Factory Tech Lab  
  148  9:55  Factory Reactor  
  148  9:58  Hellion x2  
  152  10:03  Viking  
  154  10:07  Supply Depot  
  154  10:09  Viking  
  154  10:13  Siege Tank  
  159  10:16  Siege Tank  
  159  10:20  Supply Depot  
  162  10:24  Terran Vehicle Weapons Level 1  
  162  10:25  Hellion  
  164  10:29  Siege Tank  
  164  10:31  Hellion  
  167  10:40  Hellion  
  167  10:41  Viking  
  167  10:45  Siege Tank  
  167  10:46  Hellion x2  
  174  10:51  Hellion  
  174  10:53  Hellion  
  174  10:55  Missile Turret  
  174  10:56  Missile Turret  
  178  11:01  Cyclone  
  181  11:06  Hellion  
  181  11:08  Hellion  
  185  11:13  Cyclone  
  185  11:15  Hellion  
  185  11:17  Cyclone  
  189  11:21  Hellion  
  190  11:27  Viking x2  
  190  11:30  Hellion  
  186  11:33  Siege Tank  
  186  11:38  Hellion  
  188  11:42  Hellion  
  188  11:45  Siege Tank  
  184  11:49  Siege Tank  
  184  11:52  Hellion  
  189  11:57  Hellion  
  153  12:01  Viking  
  153  12:03  Hellion  
  153  12:05  Siege Tank  
  153  12:08  Planetary Fortress  
  150  12:09  Refinery  
  150  12:10  Refinery x2  
  150  12:11  Hellion  
  150  12:15  Viking  
  154  12:17  Siege Tank  
  154  12:19  Hellion  
  154  12:21  Hellion  
  161  12:25  Siege Tank  
  161  12:26  Hellion  
  166  12:32  Hellion  
  168  12:37  Siege Tank  
  168  12:43  Hellion  
  173  12:45  Viking  
  173  12:49  Siege Tank  
  178  12:56  Hellion  
  178  12:58  Hellion, Siege Tank  
  175  13:00  Hellion  
  175  13:04  Hellion  
  148  13:09  Viking  
  148  13:10  Siege Tank  
  143  13:17  Hellion  
  147  13:20  Hellion  
Show
View Real Time Build Order
Export as new Build Order

MarineLorD Terran 

Build Orders: Cyclone Opening 

Get SALT Encoding   

  12  0:00  SCV  
  13  0:13  SCV  
  14  0:17  Supply Depot  
  14  0:25  SCV  
  15  0:31  Refinery  
  15  0:38  SCV  
  16  0:44  Barracks  
  16  0:50  SCV  
  17  0:57  Refinery  
  17  1:02  SCV  
  18  1:14  SCV  
  19  1:30  Orbital Command  
  19  1:31  Reaper  
  20  1:36  Factory  
  20  1:56  SCV  
  21  2:03  Reaper  
  21  2:08  SCV  
  23  2:15  Supply Depot  
  23  2:19  Factory Tech Lab  
  23  2:28  Command Center  
  23  2:36  SCV  
  24  2:38  Cyclone  
  24  2:40  Barracks Reactor  
  27  2:48  SCV  
  28  2:55  Supply Depot  
  28  3:00  SCV  
  28  3:03  Starport  
  29  3:13  SCV  
  29  3:21  Marine x2  
  29  3:25  Factory Tech Lab, SCV  
  31  3:37  SCV  
  31  3:39  Marine x2  
  34  3:42  Orbital Command  
  34  3:46  Refinery  
  34  3:48  Raven  
  34  3:49  SCV  
  37  3:56  Marine x2  
  37  4:00  Siege Tank  
  37  4:02  SCV  
  43  4:08  SCV  
  44  4:14  Marine x2, SCV  
  47  4:18  Supply Depot  
  47  4:20  SCV  
  48  4:26  SCV  
  48  4:30  Refinery  
  49  4:32  Marine, SCV  
  49  4:34  Marine, Raven  
  54  4:40  SCV  
  54  4:41  Supply Depot  
  54  4:42  Supply Depot  
  54  4:43  Siege Tank  
  58  4:46  SCV  
  59  4:57  SCV  
  59  4:58  SCV  
  52  5:03  Marine x2  
  54  5:07  Command Center  
  54  5:09  SCV  
  54  5:10  SCV  
  56  5:15  Siege Tank  
  59  5:23  SCV x2  
  59  5:24  Supply Depot  
  61  5:31  Viking  
  61  5:34  Stimpack  
  61  5:35  Marine, SCV x2  
  66  5:41  Engineering Bay  
  65  5:47  SCV  
  65  5:48  SCV  
  63  5:52  Siege Tank  
  64  6:02  SCV  
  64  6:04  Viking x2  
  64  6:08  Marine  
  69  6:12  SCV  
  69  6:14  Missile Turret  
  69  6:17  Missile Turret  
  69  6:18  SCV  
  71  6:23  Orbital Command  
  71  6:28  SCV  
  71  6:31  Siege Tank  
  75  6:33  SCV  
  75  6:34  Marine  
  77  6:42  Viking  
  77  6:46  SCV  
  80  6:52  SCV  
  79  6:57  Viking  
  79  7:00  Orbital Command  
  79  7:01  Marauder  
  81  7:05  Barracks  
  81  7:06  Barracks  
  81  7:08  SCV  
  82  7:13  SCV  
  83  7:18  Viking  
  83  7:21  Siege Tank  
  83  7:22  SCV  
  89  7:25  SCV  
  89  7:27  Viking, SCV  
  93  7:32  Marauder  
  93  7:34  SCV  
  96  7:39  Barracks  
  96  7:41  Barracks  
  96  7:45  SCV  
  88  8:02  Marauder  
  88  8:03  Siege Tank  
  88  8:04  Barracks Reactor, Barracks Tech Lab  
  88  8:05  Medivac x2  
  88  8:06  SCV x2  
  88  8:08  SCV  
  91  8:12  Terran Infantry Weapons Level 1  
  91  8:15  Supply Depot, Engineering Bay  
  91  8:18  SCV  
  91  8:19  SCV  
  93  8:20  SCV  
  93  8:21  Refinery  
  98  8:27  Marauder x2, Barracks Tech Lab  
  98  8:28  Barracks Reactor  
  98  8:31  SCV x2  
  98  8:33  SCV  
  101  8:35  Refinery  
  101  8:36  Viking x2  
  101  8:39  Supply Depot  
  101  8:40  Marine x2  
  107  8:46  Terran Infantry Armor Level 1  
  107  8:47  Supply Depot  
  107  8:48  Marauder  
  109  8:50  Supply Depot  
  109  8:52  Supply Depot x2  
  109  9:00  Marauder, Siege Tank, SCV x3  
  109  9:01  Supply Depot  
  117  9:03  Combat Shield  
  117  9:04  Concussive Shells  
  117  9:08  Marine x4  
  117  9:09  Marauder  
  123  9:10  Viking  
  123  9:11  Viking  
  123  9:12  SCV x3  
  123  9:17  Supply Depot  
  130  9:18  Supply Depot  
  130  9:19  Marauder  
  130  9:22  Marauder  
  134  9:24  SCV  
  134  9:25  Liberator x2, SCV x2  
  134  9:26  Marine x2  
  134  9:28  Armory  
  134  9:30  Marauder  
  141  9:33  Marine  
  142  9:40  Marauder  
  142  9:43  Marauder  
  152  9:50  Command Center  
  152  9:51  Marauder  
  154  9:54  Marine x4  
  158  10:01  Marauder  
  158  10:04  Supply Depot x2  
  158  10:05  Supply Depot, Marauder  
  162  10:11  Marine  
  162  10:13  Marauder, Marine  
  166  10:18  Bunker  
  166  10:23  Marauder  
  166  10:24  Marine x2  
  166  10:26  Marauder  
  166  10:27  Viking x2  
  176  10:29  Terran Ship Weapons Level 1  
  175  10:40  Marauder  
  175  10:41  Marine x2  
  175  10:42  Marine  
  177  10:44  Marauder  
  177  10:48  Supply Depot, Starport x2  
  179  10:50  Terran Infantry Armor Level 2, Terran Infantry Weapons Level 2  
  179  10:54  Marine  
  179  10:55  Marauder  
  182  11:01  Marine  
  182  11:02  Marauder  
  185  11:05  Marauder  
  185  11:06  Marine  
  188  11:14  Viking x2  
  188  11:16  Marauder  
  188  11:17  Thor  
  200  11:30  Marine  
  200  11:31  Marauder  
  200  11:34  Missile Turret  
  200  11:38  Marine  
  200  11:39  Marauder  
  197  11:42  Marauder  
  197  11:47  Marine x2  
  191  11:50  Starport Reactor, Starport Tech Lab  
  191  11:51  Viking x2  
  191  11:52  Marauder  
  199  11:54  Marine  
  199  12:00  Marauder, Siege Tank  
  163  12:03  Marauder  
  163  12:06  Marine x2  
  157  12:13  Raven  
  157  12:14  Marauder  
  161  12:21  Viking x2, SCV x3  
  161  12:22  Planetary Fortress, Marauder  
  170  12:26  Medivac  
  170  12:29  Marine  
  170  12:30  Marauder  
  170  12:33  SCV  
  170  12:35  Marauder  
  173  12:41  Marine  
  168  12:46  Viking  
  170  12:51  Medivac x2  
  170  12:52  Marauder  
  170  12:53  Marauder  
  170  12:56  Viking x2  
  171  13:04  Marauder  
  133  13:06  Marine  
  130  13:13  Marauder, Marine  
  130  13:14  Marauder  
  130  13:15  Marine  
Tags
 
Add a new tag
Caveats
  • Supply blocks, unpowered buildings, or Contaminate may cause inaccurate times.
  • Supply counts are checked every 10 seconds.